[Event "Titled Tuesday Blitz February 22 Late 2022"]
[White "Goltseva, Ekaterina"]
[Black "Papasimakopoulos, Alexandros"]
[WhiteFideId "24173770"]
[BlackFideId "4244125"]
[WhiteElo "2140"]
[BlackElo "2340"]
[Result "1-0"]
[Round "06"]
[TimeControl "180+1"]
[Date "2022.02.23"]
[WhiteClock "0:00:55"]
[BlackClock "0:00:01"]

1. d4 e6 2. c4 Nf6 3. Nc3 Bb4 4. g3 d5 5. Bg2 O-O 6. Nf3 c6 7. O-O Nbd7 8. Qb3 Be7 9. Bf4 Nh5 10. Bd2 f5 11. Rad1 Nhf6 12. Bf4 Ne4 13. Ne5 Nxe5 14. dxe5 Qb6 15. Qc2 Qa5 16. Nxe4 fxe4 17. Bd2 Qc7 18. Bc3 Bd7 19. f3 exf3 20. exf3 Be8 21. f4 Bg6 22. Qe2 Rad8 23. g4 d4 24. Be1 d3 25. Qd2 Bc5+ 26. Kh1 Rd4 27. b3 Be4 28. Bf2 Bxg2+ 29. Kxg2 Rfxf4 30. Bxd4 Rxg4+ 31. Kh1 Rxd4 32. Qg5 Bb4 33. Qe3 Qd7 34. Rf2 d2 35. a3 Bxa3 36. Rfxd2 Rxd2 37. Qxd2 Qxd2 38. Rxd2 b5 39. Rd7 bxc4 40. Rxa7 Bb2 41. bxc4 Bxe5 42. Ra6 c5 43. Rxe6 Bd4 44. Kg2 Kf7 45. Rc6 h6 46. Kf3 Ke7 47. Ke4 Kd7 48. Kd5 Ke7 49. Ra6 h5 50. Rg6 Kf7 51. Rc6 g5 52. Ke4 1-0


[Site "https://www.chess.com"]

[Event "Titled Tuesday Blitz February 22 Late 2022"]
[White "Golubenko, Valentina"]
[Black "Hadzovic, Amir"]
[WhiteFideId "4501993"]
[BlackFideId "14402300"]
[WhiteElo "2164"]
[BlackElo "2214"]
[Result "1-0"]
[Round "06"]
[TimeControl "180+1"]
[Date "2022.02.23"]
[WhiteClock "0:00:05"]
[BlackClock "0:00:10"]

1. d4 Nf6 2. g3 g6 3. Bg2 Bg7 4. c4 d6 5. Nc3 c6 6. d5 cxd5 7. cxd5 O-O 8. Nf3 Nbd7 9. O-O a6 10. Nd4 Nc5 11. b4 Ncd7 12. Rb1 Qc7 13. Bd2 Ne5 14. b5 Nc4 15. bxa6 bxa6 16. Nc6 Nxd2 17. Qxd2 Bb7 18. Rfc1 Bxc6 19. Na4 Ng4 20. dxc6 Rae8 21. Rb7 Qc8 22. c7 Qf5 23. e4 Bh6 24. f4 Qh5 25. h3 Ne5 26. Nb6 f5 27. c8=Q Rxc8 28. Nxc8 fxe4 29. Nxe7+ Kh8 30. Bxe4 Qxh3 31. Qg2 Qe6 32. Re1 Ng4 33. Rbb1 Qf6 34. Bf3 Qd4+ 35. Kh1 Nf2+ 36. Kh2 Nd3 37. Red1 Qe3 38. Qe2 Qxe2+ 39. Bxe2 Nc5 40. Nd5 Bg7 41. Rbc1 Re8 42. Bf3 Ra8 43. Kg2 Rb8 44. Nc7 Rb2+ 45. Kf1 Bf6 46. Rxd6 Rxa2 47. Rxf6 Kg7 48. Rd6 Nd3 49. Ne6+ Kf6 50. Bd5 Rf2+ 51. Kg1 Rd2 52. Bc4 Ke7 53. Rxd3 Ra2 54. Bxa2 a5 55. Re1 Kf6 56. Ng5 h6 57. Rd6+ Kf5 58. Re7 Kg4 59. Be6+ Kxg3 60. Ne4+ Kh4 61. Nf6 g5 62. Rd3 g4 63. Bxg4 h5 64. Rh3# 1-0


[Site "https://www.chess.com"]

[Event "Titled Tuesday Blitz February 22 Late 2022"]
[White "Golubev, Mikhail"]
[Black "Horak, Martin"]
[WhiteFideId "14100983"]
[BlackFideId "367095"]
[WhiteElo "2374"]
[BlackElo "1997"]
[Result "1-0"]
[Round "06"]
[TimeControl "180+1"]
[Date "2022.02.23"]
[WhiteClock "0:02:28"]
[BlackClock "0:01:39"]

1. e4 c5 2. Nf3 d6 3. d4 cxd4 4. Nxd4 Nf6 5. Nc3 g6 6. Be3 Bg7 7. f3 O-O 8. Qd2 Nc6 9. O-O-O Nxd4 10. Bxd4 Be6 11. Kb1 Qc7 12. h4 Rfc8 13. h5 Qa5 14. hxg6 hxg6 15. a3 Rab8 16. Bd3 b5 17. Qg5 Qc7 18. e5 dxe5 19. Bxe5 Qc5 20. f4 Rb7 21. Bxg6 fxg6 22. Qxg6 Bf7 23. Rh8+ Kxh8 24. Qxf7 1-0


[Site "https://www.chess.com"]

[Event "Titled Tuesday Blitz February 22 Late 2022"]
[White "Golubka, Petro"]
[Black "Loay, Sameer"]
[WhiteFideId "14114224"]
[BlackFideId "8104239"]
[WhiteElo "2392"]
[BlackElo "2040"]
[Result "1-0"]
[Round "06"]
[TimeControl "180+1"]
[Date "2022.02.23"]
[WhiteClock "0:02:04"]
[BlackClock "0:00:18"]

1. e4 d6 2. d4 g6 3. Nc3 Bg7 4. Be3 a6 5. a4 Nd7 6. Bc4 b6 7. h4 h5 8. f3 Bb7 9. Nh3 Ngf6 10. Ng5 e6 11. Qe2 Qe7 12. O-O-O b5 13. axb5 axb5 14. Bxb5 Ra1+ 15. Kd2 Rxd1+ 16. Rxd1 O-O 17. Ke1 Ra8 18. Kf2 c6 19. Bd3 e5 20. Bc4 d5 21. Bb3 exd4 22. Bxd4 Qb4 23. Kg1 Re8 24. Qf2 c5 25. Bxf6 Bxf6 26. Nxd5 Bxd5 27. Bxd5 Bd4 28. Rxd4 cxd4 29. Bxf7+ Kf8 30. Bxe8 Kxe8 31. Ne6 Qxb2 32. Nxd4 Ne5 33. Qe3 Nc4 34. Qd3 Qc1+ 35. Kh2 Qf4+ 36. g3 Qc7 37. Nb5 Qc6 38. Qxc4 1-0


[Site "https://www.chess.com"]

[Event "Titled Tuesday Blitz February 22 Late 2022"]
[White "Golubovskis, Maksims"]
[Black "Gatterer, Florian"]
[WhiteFideId "11608528"]
[BlackFideId "811688"]
[WhiteElo "2066"]
[BlackElo "2218"]
[Result "0-1"]
[Round "06"]
[TimeControl "180+1"]
[Date "2022.02.23"]
[WhiteClock "0:00:03"]
[BlackClock "0:00:40"]

1. e4 c5 2. Nf3 d6 3. d4 cxd4 4. Nxd4 Nf6 5. f3 e5 6. Nb3 a5 7. Bb5+ Nc6 8. Nc3 Be7 9. Be3 Be6 10. Qd2 O-O 11. h4 Nb4 12. g4 d5 13. g5 d4 14. gxf6 Bxf6 15. Bg5 dxc3 16. Qxc3 Rc8 17. Nc5 b6 18. Nxe6 fxe6 19. Bc4 Bxg5 20. hxg5 Qe7 21. Rh2 b5 22. Qxe5 Rxc4 23. O-O-O Rfc8 0-1


[Site "https://www.chess.com"]

[Event "Titled Tuesday Blitz February 22 Late 2022"]
[White "Goryachkina, Aleksandra"]
[Black "Mikheev, Stanislav"]
[WhiteFideId "4147103"]
[BlackFideId "4135920"]
[WhiteElo "2426"]
[BlackElo "2249"]
[Result "1-0"]
[Round "06"]
[TimeControl "180+1"]
[Date "2022.02.23"]
[WhiteClock "0:00:12"]
[BlackClock "0:00:24"]

1. e4 e6 2. d4 d5 3. Nd2 c5 4. exd5 exd5 5. Bb5+ Bd7 6. Bxd7+ Qxd7 7. Ngf3 Nf6 8. O-O cxd4 9. Nxd4 Be7 10. N2b3 O-O 11. Qf3 Nc6 12. Bf4 Rfe8 13. Rad1 a6 14. h3 Rac8 15. c3 Nxd4 16. Rxd4 Qf5 17. Rfd1 Rcd8 18. R4d3 Qe4 19. Bg5 Qxf3 20. Rxf3 Ne4 21. Bxe7 Rxe7 22. Rfd3 Red7 23. f3 Nf6 24. Kf2 Kf8 25. g4 h6 26. h4 g5 27. hxg5 hxg5 28. Nd4 Ne8 29. Nf5 Ng7 30. Ne3 Ne6 31. Rxd5 Ke7 32. Nf5+ Ke8 33. Rxd7 Rxd7 34. Rxd7 Kxd7 35. Ke3 Nf4 36. Ke4 Ke6 37. Nd4+ Kf6 38. Nb3 b6 39. a4 Ke6 40. a5 bxa5 41. Nxa5 Kd6 42. Nc4+ Kc5 43. Ne5 f6 44. Nd3+ Kc4 45. Nxf4 gxf4 46. Kxf4 Kb3 47. g5 fxg5+ 48. Kxg5 a5 49. c4 a4 50. c5 Kxb2 51. c6 a3 52. c7 a2 53. c8=Q a1=Q 54. Qh8+ Kb1 55. Qxa1+ Kxa1 56. f4 1-0


[Site "https://www.chess.com"]

[Event "Titled Tuesday Blitz February 22 Late 2022"]
[White "Guliyev, Namig"]
[Black "Barp, Alberto"]
[WhiteFideId "13400363"]
[BlackFideId "872555"]
[WhiteElo "2487"]
[BlackElo "2229"]
[Result "0-1"]
[Round "06"]
[TimeControl "180+1"]
[Date "2022.02.22"]
[WhiteClock "0:01:29"]
[BlackClock "0:01:48"]

1. e4 c6 2. d4 d5 3. Nc3 dxe4 4. Nxe4 Nf6 5. Nxf6+ exf6 6. c3 Bd6 7. Bd3 Qe7+ 8. Ne2 Qc7 9. Qc2 Nd7 10. Be3 Nf8 11. O-O-O Be6 12. c4 O-O-O 13. Kb1 Ng6 14. Qa4 a6 15. Rc1 c5 16. d5 Bd7 17. b4 Bxa4 18. Nc3 Bd7 19. Ne4 b6 20. bxc5 bxc5 21. Rc2 Ne5 22. Be2 Bf5 23. f3 Rhe8 24. Ka1 Bxe4 25. fxe4 Nd7 26. Bf3 Be5+ 27. Kb1 Nb6 28. Kc1 Kb8 29. Kd2 Ka7 30. Ke2 f5 31. Rb1 fxe4 32. Bg4 Bd4 0-1


[Site "https://www.chess.com"]

[Event "Titled Tuesday Blitz February 22 Late 2022"]
[White "Guz, Ari"]
[Black "Sharafiev, Azat"]
[WhiteFideId "2825759"]
[BlackFideId "4186214"]
[WhiteElo "1913"]
[BlackElo "2299"]
[Result "0-1"]
[Round "06"]
[TimeControl "180+1"]
[Date "2022.02.23"]
[WhiteClock "0:01:12"]
[BlackClock "0:01:35"]

1. d4 Nf6 2. Bg5 Ne4 3. Bf4 d5 4. e3 Bf5 5. Bd3 e6 6. c4 c6 7. Ne2 Bb4+ 8. Nbc3 g5 9. Bg3 h5 10. h4 Nxg3 11. Nxg3 Bxc3+ 12. bxc3 Bxd3 13. Qxd3 gxh4 14. Ne2 Nd7 15. c5 b6 16. cxb6 axb6 17. Nf4 Nf6 18. Rxh4 Ne4 19. Rh1 Ra3 20. Ne2 Qg5 21. Kf1 h4 22. f3 Rg8 23. Rg1 Ng3+ 24. Nxg3 Qxg3 25. Qb1 h3 26. Qxb6 h2 27. Qxc6+ Ke7 28. Qc5+ Kf6 29. Ke2 hxg1=Q 30. Rxg1 Rxa2+ 31. Kd3 Qf2 0-1


[Site "https://www.chess.com"]

[Event "Titled Tuesday Blitz February 22 Late 2022"]
[White "Ibarra Jerez, Jose Carlos"]
[Black "Kovanova, Baira"]
[WhiteFideId "2226332"]
[BlackFideId "4164083"]
[WhiteElo "2626"]
[BlackElo "2190"]
[Result "1/2-1/2"]
[Round "06"]
[TimeControl "180+1"]
[Date "2022.02.23"]
[WhiteClock "0:00:03"]
[BlackClock "0:00:10"]

1. Nf3 Nf6 2. g3 d5 3. Bg2 c5 4. O-O Nc6 5. d4 cxd4 6. Nxd4 Bd7 7. Nb3 e6 8. Nc3 Be7 9. e4 dxe4 10. Nxe4 Nxe4 11. Bxe4 O-O 12. c3 e5 13. Qe2 Qc8 14. Rd1 Bg4 15. f3 Be6 16. Be3 Qc7 17. Nc5 Bxc5 18. Bxc5 Rfd8 19. b4 f5 20. Bc2 b6 21. Bf2 Ne7 22. Qe1 Kh8 23. a4 Rac8 24. Rxd8+ Rxd8 25. a5 b5 26. Bc5 Ng6 27. Rd1 Re8 28. Rd6 e4 29. f4 Bc4 30. Qe3 a6 31. h4 Rd8 32. Rxa6 Qf7 33. Bd4 Ne7 34. Ra7 Qf8 35. Bc5 Re8 36. a6 Qf7 37. Qd4 Qg6 38. Kh2 Nc6 39. Qd7 Nxa7 40. Qxa7 Qg4 41. Bd4 Qe2+ 42. Kh3 Qf1+ 43. Kh2 Qe2+ 44. Kg1 Qe1+ 45. Kh2 Qe2+ 1/2-1/2


[Site "https://www.chess.com"]

[Event "Titled Tuesday Blitz February 22 Late 2022"]
[White "Indjic, Aleksandar"]
[Black "Dubov, Daniil"]
[WhiteFideId "911925"]
[BlackFideId "24126055"]
[WhiteElo "2616"]
[BlackElo "2791"]
[Result "1/2-1/2"]
[Round "06"]
[TimeControl "180+1"]
[Date "2022.02.22"]
[WhiteClock "0:00:04"]
[BlackClock "0:00:09"]

1. e4 e5 2. Nf3 Nc6 3. Bc4 Nf6 4. d3 Be7 5. O-O d6 6. h3 Na5 7. Nc3 O-O 8. a4 Nxc4 9. dxc4 a5 10. b3 b6 11. Qe2 Be6 12. Be3 h6 13. Rad1 Nd7 14. Nh2 Bg5 15. Kh1 Bxe3 16. Qxe3 f5 17. exf5 Bxf5 18. Rd2 Nc5 19. Qg3 Ne6 20. Ng4 Qg5 21. Ne3 Qxg3 22. fxg3 Bg6 23. Rff2 Rxf2 24. Rxf2 Rf8 25. Rxf8+ Kxf8 26. Ncd5 Ke8 27. g4 Kd7 28. Nf5 Nd4 29. Nde3 h5 30. Kh2 h4 31. Kg1 c6 32. Kf2 Nxf5 33. Nxf5 Bxf5 34. gxf5 d5 35. g4 d4 36. Kf3 Ke7 37. g5 Kd6 38. Ke4 c5 39. Kf3 Kd7 40. Ke4 Kd6 41. f6 gxf6 42. gxf6 Ke6 43. f7 Kxf7 44. Kxe5 Ke7 45. Kf5 Kd6 46. Kf6 Kd7 47. Kg5 Ke6 48. Kxh4 Ke5 49. Kg4 Ke4 50. h4 Ke3 51. h5 Kd2 52. h6 Kxc2 53. h7 d3 54. h8=Q d2 55. Qh7+ Kc1 56. Qh6 Kc2 57. Qh2 Kc1 58. Qf4 Kc2 59. Qe4+ Kc3 60. Qe2 Kc2 61. Qe4+ Kc1 62. Qe3 Kc2 63. Qe2 Kc1 64. Qe3 Kc2 65. Qe4+ 1/2-1/2


[Site "https://www.chess.com"]

[Event "Titled Tuesday Blitz February 22 Late 2022"]
[White "Iskusnyh, Sergei"]
[Black "Kopczynski, Michal"]
[WhiteFideId "4120027"]
[BlackFideId "1124200"]
[WhiteElo "2492"]
[BlackElo "2235"]
[Result "1-0"]
[Round "06"]
[TimeControl "180+1"]
[Date "2022.02.23"]
[WhiteClock "0:00:43"]
[BlackClock "0:00:08"]

1. d4 Nf6 2. c4 g6 3. g3 Bg7 4. Bg2 d6 5. Nc3 O-O 6. Nf3 Nc6 7. O-O Nd7 8. d5 Nce5 9. Nd2 Nb6 10. Qb3 a5 11. a4 Bf5 12. f4 Ned7 13. e4 Nc5 14. Qc2 Bd7 15. b3 Qc8 16. Bb2 Bh3 17. Rae1 Bxg2 18. Kxg2 c6 19. Nf3 e6 20. dxe6 Qxe6 21. Nd1 Bxb2 22. Nxb2 Rae8 23. e5 d5 24. Ng5 Qd7 25. Rd1 Ne6 26. Ne4 dxe4 27. Rxd7 Nxd7 28. Qxe4 Ndc5 29. Qf3 Nd4 30. Qc3 Ncxb3 31. Nd3 c5 32. Nf2 f6 33. Ng4 fxe5 34. Nxe5 Rf5 35. Rb1 Rfxe5 36. fxe5 Rxe5 37. Rxb3 Re2+ 38. Kh3 Nxb3 39. Qxb3 Re7 40. Qb6 1-0


[Site "https://www.chess.com"]

[Event "Titled Tuesday Blitz February 22 Late 2022"]
[White "Jacobson, Aaron"]
[Black "Zlatin, Alexander"]
[WhiteFideId "2089912"]
[BlackFideId "2810549"]
[WhiteElo "2265"]
[BlackElo "2228"]
[Result "1-0"]
[Round "06"]
[TimeControl "180+1"]
[Date "2022.02.23"]
[WhiteClock "0:00:45"]
[BlackClock "0:00:01"]

1. e4 e5 2. Nc3 Nf6 3. d4 exd4 4. Qxd4 Nc6 5. Qd3 Bb4 6. Bd2 O-O 7. O-O-O Re8 8. Nge2 d6 9. Bg5 Ne5 10. Qg3 Be6 11. f4 Nc6 12. f5 Bc4 13. Qh4 Bxe2 14. Nxe2 Bc5 15. Ng3 h6 16. Bxf6 Qxf6 17. Qxf6 gxf6 18. Nh5 Kh8 19. Nxf6 Re5 20. Bd3 a5 21. c3 a4 22. Ng4 h5 23. Nxe5 dxe5 24. Bb5 Na5 25. Rd7 c6 26. Bd3 Kg7 27. f6+ Kxf6 28. Rf1+ Ke6 29. Rdxf7 Be3+ 30. Kc2 Bg5 31. R1f5 Rg8 32. b4 axb3+ 33. axb3 b5 34. b4 1-0


[Site "https://www.chess.com"]

[Event "Titled Tuesday Blitz February 22 Late 2022"]
[White "Janaszak, Dawid"]
[Black "Farmani Anosheh, Armin"]
[WhiteFideId "1119206"]
[BlackFideId "24613240"]
[WhiteElo "2199"]
[BlackElo "2289"]
[Result "1-0"]
[Round "06"]
[TimeControl "180+1"]
[Date "2022.02.23"]
[WhiteClock "0:01:03"]
[BlackClock "0:00:18"]

1. e4 c5 2. Nc3 Nc6 3. Bb5 Nd4 4. Nf3 a6 5. Bd3 g6 6. b4 cxb4 7. Nd5 Bg7 8. Rb1 a5 9. a3 e6 10. Ne3 Nxf3+ 11. Qxf3 Ne7 12. axb4 a4 13. Ba3 O-O 14. b5 Re8 15. O-O f5 16. c4 fxe4 17. Bxe4 Nf5 18. Nxf5 gxf5 19. Bxb7 Bxb7 20. Qxb7 Bd4 21. c5 Qf6 22. Qxd7 Re7 23. Qc6 Rd8 24. b6 Rg7 25. b7 Qe5 26. Qc8 Qd5 27. Qxd8+ Qxd8 28. b8=Q 1-0


[Site "https://www.chess.com"]

[Event "Titled Tuesday Blitz February 22 Late 2022"]
[White "Jimenez Almeida, Luis David"]
[Black "Gracia Alvarez, Gerardo Antonio"]
[WhiteFideId "22242244"]
[BlackFideId "5109124"]
[WhiteElo "2092"]
[BlackElo "2139"]
[Result "0-1"]
[Round "06"]
[TimeControl "180+1"]
[Date "2022.02.23"]
[WhiteClock "0:00:04"]
[BlackClock "0:00:10"]

1. d4 Nf6 2. Nf3 g6 3. Bg5 Bg7 4. Nbd2 c5 5. e3 cxd4 6. exd4 h6 7. Bh4 O-O 8. c3 d6 9. Be2 b6 10. O-O Bb7 11. a4 a6 12. Re1 Nbd7 13. h3 Nh5 14. Nh2 Nf4 15. Bf3 Bxf3 16. Qxf3 g5 17. Bg3 e5 18. Bxf4 gxf4 19. dxe5 Nxe5 20. Qd5 Qe7 21. Nc4 Rad8 22. Nxb6 Qg5 23. Nc4 Rfe8 24. Nd2 Qg6 25. Qe4 Nd3 26. Qxg6 fxg6 27. Rxe8+ Rxe8 28. Rb1 Re2 29. Nhf1 Nxf2 30. Nf3 Nd3 31. N1d2 g5 32. Nc4 d5 33. Ncd2 h5 34. Nf1 g4 35. hxg4 hxg4 36. N3d2 Bh6 37. b4 f3 38. Nxf3 gxf3 39. gxf3 Nf4 40. b5 Nh3+ 41. Kh1 axb5 42. axb5 Bf4 43. b6 Bb8 44. b7 Kf7 45. Rb5 Nf2+ 46. Kg2 Nd3+ 47. Kh3 Nf4+ 48. Kg4 Rg2+ 49. Kf5 Rf2 50. Ne3 Rxf3 51. Ng4 Ne6# 0-1


[Site "https://www.chess.com"]

[Event "Titled Tuesday Blitz February 22 Late 2022"]
[White "Jobava, Baadur"]
[Black "Sjugirov, Sanan"]
[WhiteFideId "13601520"]
[BlackFideId "4189302"]
[WhiteElo "2617"]
[BlackElo "2602"]
[Result "1-0"]
[Round "06"]
[TimeControl "180+1"]
[Date "2022.02.22"]
[WhiteClock "0:01:00"]
[BlackClock "0:00:07"]

1. d4 Nf6 2. c4 e6 3. Nf3 d5 4. e3 a6 5. b3 c5 6. Bb2 cxd4 7. exd4 b6 8. Bd3 Bb7 9. O-O Be7 10. Nbd2 O-O 11. Re1 Nc6 12. Rc1 Re8 13. Bb1 Bf8 14. h3 g6 15. a3 dxc4 16. bxc4 Bg7 17. Nb3 Rc8 18. a4 Ba8 19. Bc3 Ne7 20. Bd3 a5 21. Nbd2 Nh5 22. Bf1 Nc6 23. Nb3 Nf4 24. Bd2 Qf6 25. Be3 Nb4 26. Ne5 Red8 27. Qg4 g5 28. h4 h6 29. hxg5 hxg5 30. Nd2 Qh6 31. Ndf3 Bxf3 32. Nxf3 f5 33. Qxg5 Qxg5 34. Nxg5 Nfd3 35. Nxe6 Rd7 36. d5 Nxe1 37. Rxe1 Nc2 38. Re2 Nxe3 39. Rxe3 Bf8 40. Rg3+ Kf7 41. Bd3 Bd6 42. Rg7+ Ke8 43. Rg8+ 1-0


[Site "https://www.chess.com"]

[Event "Titled Tuesday Blitz February 22 Late 2022"]
[White "Jones, Gawain C B"]
[Black "Lewtak, Damian"]
[WhiteFideId "409561"]
[BlackFideId "1141724"]
[WhiteElo "2657"]
[BlackElo "2361"]
[Result "1-0"]
[Round "06"]
[TimeControl "180+1"]
[Date "2022.02.22"]
[WhiteClock "0:00:07"]
[BlackClock "0:00:03"]

1. Nf3 d5 2. g3 c6 3. Bg2 Nf6 4. O-O Bf5 5. d3 h6 6. b3 e6 7. Bb2 Be7 8. Nbd2 O-O 9. Qe1 a5 10. e4 Bh7 11. a4 Na6 12. Ne5 Nb4 13. Rc1 Nd7 14. Nxd7 Qxd7 15. Nf3 dxe4 16. dxe4 Rad8 17. Qe2 Bf6 18. Bxf6 gxf6 19. Rcd1 Qe7 20. Nd4 e5 21. Nf3 f5 22. Nh4 fxe4 23. Bxe4 Bxe4 24. Qxe4 Nd5 25. Nf5 Qf6 26. Rfe1 Nc3 27. Qg4+ Kh8 28. Rxd8 Rxd8 29. Qh5 Qg6 30. Qxg6 fxg6 31. Nxh6 Kg7 32. Ng4 e4 33. Ne3 Rd2 34. h4 Nd5 35. Nc4 Rxc2 36. Rxe4 b6 37. Re6 Rc3 38. Rxc6 Rxb3 39. Rd6 Rb4 40. Nxa5 Rxa4 41. Nc6 Ra1+ 42. Kg2 Rd1 43. Kf3 b5 44. Ne5 b4 45. Rxg6+ Kh7 46. h5 b3 47. Nc4 Rd4 48. Nb2 Rd2 49. Rd6 Rxb2 50. Rxd5 Rc2 51. Rb5 b2 52. Rb6 Kg7 53. g4 Kf7 54. Kg3 Kg7 55. f3 Kf7 56. Kf4 Ke7 57. Kg5 Kf7 58. f4 Ke7 59. f5 Kf7 60. h6 Kg8 61. Rb8+ Kh7 62. Rb7+ Kg8 63. Kg6 Rc6+ 64. f6 Rc7 65. Rb8+ 1-0


[Site "https://www.chess.com"]

[Event "Titled Tuesday Blitz February 22 Late 2022"]
[White "Kamsky, Gata"]
[Black "Hess, Robert"]
[WhiteFideId "2000024"]
[BlackFideId "2022036"]
[WhiteElo "2645"]
[BlackElo "2557"]
[Result "1/2-1/2"]
[Round "06"]
[TimeControl "180+1"]
[Date "2022.02.22"]
[WhiteClock "0:00:19"]
[BlackClock "0:00:04"]

1. d4 g6 2. c3 Bg7 3. e4 d6 4. Nf3 e6 5. Bd3 Ne7 6. O-O Nd7 7. Re1 b6 8. Nbd2 Bb7 9. Nf1 h6 10. Ng3 a6 11. a4 c5 12. Bf4 Qc7 13. Qd2 e5 14. Be3 exd4 15. cxd4 Nc6 16. Rac1 Qd8 17. e5 dxe5 18. Nxe5 Ndxe5 19. dxe5 O-O 20. Bxh6 Nxe5 21. Bxg7 Qd5 22. f3 Kxg7 23. Qc3 Qxd3 24. Qxe5+ f6 25. Qc7+ Rf7 26. Re7 Bd5 27. Rxf7+ Bxf7 28. Qxb6 Qd2 29. Qxc5 Qxb2 30. h4 Rd8 31. Ne4 Qd4+ 32. Qxd4 Rxd4 33. Rc7 a5 34. Ra7 Kf8 35. Rxa5 f5 36. Ng5 Rxh4 37. Ra8+ Be8 38. Ra7 Rxa4 39. Nh7+ Kg8 40. Nf6+ Kf8 41. Nh7+ Kg8 42. Nf6+ Kf8 43. Nh7+ 1/2-1/2


[Site "https://www.chess.com"]

[Event "Titled Tuesday Blitz February 22 Late 2022"]
[White "Karas, Marek"]
[Black "Colas, Joshua"]
[WhiteFideId "14928558"]
[BlackFideId "2044447"]
[WhiteElo "2270"]
[BlackElo "2347"]
[Result "1-0"]
[Round "06"]
[TimeControl "180+1"]
[Date "2022.02.23"]
[WhiteClock "0:01:41"]
[BlackClock "0:00:03"]

1. c4 e5 2. Nc3 Nc6 3. Nf3 Bc5 4. e3 d6 5. a3 a5 6. Be2 Nge7 7. d4 exd4 8. exd4 Ba7 9. O-O O-O 10. Bg5 Bg4 11. d5 Bxf3 12. Bxf3 Ne5 13. Be2 f6 14. Bh4 Nf5 15. Bg3 Nxg3 16. hxg3 Re8 17. Nb5 Bb6 18. Nd4 Bxd4 19. Qxd4 Qd7 20. Rfe1 a4 21. f4 Ng4 22. Bxg4 Qxg4 23. Kh2 b6 24. Qd2 h5 25. Rxe8+ Rxe8 26. Re1 Rxe1 27. Qxe1 h4 28. Qe8+ Kh7 29. Qe4+ f5 30. Qf3 Qxf3 31. gxf3 hxg3+ 32. Kxg3 Kh6 33. Kh4 Kg6 34. Kg3 Kh5 35. Kh3 g5 36. fxg5 Kxg5 37. Kg3 f4+ 38. Kh3 Kh5 39. Kg2 Kh4 40. Kh2 b5 41. cxb5 Kg5 42. Kh3 Kf5 43. Kh4 Ke5 44. Kg4 Kxd5 45. Kxf4 Kd4 46. Kg5 d5 47. f4 Kc4 48. f5 d4 49. Kf4 Kd5 50. f6 Ke6 51. Ke4 Kxf6 52. Kxd4 Ke6 53. Kc5 1-0


[Site "https://www.chess.com"]

[Event "Titled Tuesday Blitz February 22 Late 2022"]
[White "Karttunen, Mika"]
[Black "Shahaliyev, Ismayil"]
[WhiteFideId "502081"]
[BlackFideId "13406388"]
[WhiteElo "2343"]
[BlackElo "2105"]
[Result "1-0"]
[Round "06"]
[TimeControl "180+1"]
[Date "2022.02.23"]
[WhiteClock "0:00:08"]
[BlackClock "0:00:04"]

1. e4 e6 2. d4 d5 3. Nc3 Bb4 4. e5 c5 5. a3 Bxc3+ 6. bxc3 Ne7 7. h4 Qa5 8. Bd2 Nbc6 9. h5 Qa4 10. h6 gxh6 11. Nf3 cxd4 12. Rh4 Nf5 13. Rf4 h5 14. Bd3 Rg8 15. Bxf5 exf5 16. cxd4 Rxg2 17. c3 Qc4 18. Qe2 Be6 19. Qxc4 dxc4 20. Rh4 O-O-O 21. Rxh5 Rdg8 22. Ke2 Ne7 23. Rxh7 Nd5 24. Rah1 Kd7 25. Rh8 Rxh8 26. Rxh8 f4 27. Kf1 Rg7 28. Rh5 Bg4 29. Rg5 Rxg5 30. Nxg5 Bh5 31. Ne4 Kc6 32. Nd6 b5 33. Kg2 a5 34. Kh3 b4 35. axb4 axb4 36. Nxc4 bxc3 37. Bc1 Kb5 38. Nd6+ Ka4 39. Kh4 Be2 40. Nxf7 Kb3 41. e6 Kc2 42. Ba3 Kb3 43. Bc1 Kc2 44. Ba3 Kb1 45. Kg5 f3 46. Ne5 c2 47. Nc6 c1=Q+ 48. Bxc1 Kxc1 49. e7 Nxe7 50. Nxe7 Kd2 51. Kf4 Kd3 52. d5 Kd4 53. d6 Bb5 54. Ng6 Kd5 55. Ne5 Kxd6 56. Nxf3 Ke7 57. Nd4 Bd7 58. Ke5 Kf7 59. f4 Bg4 60. Nc6 Bh3 61. Nd4 Bg4 62. Nf5 Bh3 63. Ne3 Ke7 64. Nd5+ Kf7 65. Nf6 Bg2 66. Ne4 Bh3 67. Ng5+ 1-0


[Site "https://www.chess.com"]

[Event "Titled Tuesday Blitz February 22 Late 2022"]
[White "Kobalia, Mikhail"]
[Black "Avila Pavas, Santiago"]
[WhiteFideId "4119150"]
[BlackFideId "4437128"]
[WhiteElo "2667"]
[BlackElo "2242"]
[Result "1-0"]
[Round "06"]
[TimeControl "180+1"]
[Date "2022.02.22"]
[WhiteClock "0:00:19"]
[BlackClock "0:00:01"]

1. e4 Nf6 2. e5 Nd5 3. d4 d6 4. c4 Nb6 5. f4 dxe5 6. fxe5 Nc6 7. Be3 Bf5 8. Nc3 e6 9. Be2 Be7 10. Nf3 O-O 11. O-O f6 12. exf6 Bxf6 13. Qd2 Qe8 14. Rad1 Rd8 15. Qc1 Bg4 16. Ne4 Be7 17. a3 Qg6 18. Ng3 Bf6 19. Bd3 Qe8 20. Qb1 g6 21. Ne4 Bg7 22. Neg5 Bxf3 23. Nxf3 Nxd4 24. Bxd4 Bxd4+ 25. Kh1 Bf6 26. Rde1 Qd7 27. Rd1 Qg7 28. b4 Rd7 29. Qb3 Rfd8 30. c5 Nd5 31. Rfe1 Kh8 32. Bc4 Nf4 33. Rxd7 Qxd7 34. g3 Nd3 35. Rxe6 Bg7 36. Bxd3 Qf7 37. Bc4 Rf8 38. Kg2 h5 39. Re4 Qf5 40. Rf4 1-0


[Site "https://www.chess.com"]

[Event "Titled Tuesday Blitz February 22 Late 2022"]
[White "Kobo, Ori"]
[Black "Hakobyan, Aram"]
[WhiteFideId "2812320"]
[BlackFideId "13306677"]
[WhiteElo "2420"]
[BlackElo "2557"]
[Result "0-1"]
[Round "06"]
[TimeControl "180+1"]
[Date "2022.02.22"]
[WhiteClock "0:00:04"]
[BlackClock "0:00:23"]

1. Nc3 d5 2. d4 Nf6 3. Bf4 c5 4. e4 Nxe4 5. Nxe4 dxe4 6. dxc5 Qa5+ 7. c3 Qxc5 8. Qa4+ Nc6 9. Qxe4 g6 10. Nf3 Bg7 11. Qe3 Qxe3+ 12. Bxe3 O-O 13. Bb5 Be6 14. O-O Bd5 15. Rfd1 Rfd8 16. Rd2 a6 17. Be2 Be6 18. Bb6 Rxd2 19. Nxd2 Rc8 20. a3 Be5 21. Rd1 Bc7 22. Bxc7 Rxc7 23. Ne4 Bb3 24. Rd2 Kf8 25. Nc5 Na5 26. Rd8+ Kg7 27. Nxb3 Nxb3 28. Bf3 Nc5 29. Rb8 b5 30. h4 Na4 31. Ra8 Nxb2 32. Rxa6 Rxc3 33. Ra5 Nd3 34. Rxb5 Rxa3 35. Rb1 Ra2 36. Rf1 Rd2 37. Be4 Nc5 38. Bf3 h5 39. g3 Rb2 40. Kg2 Nd3 41. Be4 Ne5 42. Bd5 e6 43. Be4 Nc4 44. Kg1 Nd2 45. Re1 Nc4 46. Bg2 Rd2 47. Bf1 Nd6 48. Bg2 Nf5 49. Be4 Ne7 50. Bg2 Kf6 51. Be4 Rb2 52. Re3 Kg7 53. Rf3 Nc8 54. Re3 Nd6 55. Bg2 Nf5 56. Rd3 Rb4 57. Rd1 Nd4 58. Re1 Rb2 59. Bf1 Nf3+ 0-1


[Site "https://www.chess.com"]

[Event "Titled Tuesday Blitz February 22 Late 2022"]
[White "Kosakowski, Jakub"]
[Black "Borisova, Ekaterina"]
[WhiteFideId "1185080"]
[BlackFideId "34124184"]
[WhiteElo "2476"]
[BlackElo "2034"]
[Result "1-0"]
[Round "06"]
[TimeControl "180+1"]
[Date "2022.02.22"]
[WhiteClock "0:00:59"]
[BlackClock "0:00:02"]

1. d4 Nf6 2. Nf3 e6 3. c4 d5 4. Nc3 Bb4 5. Qa4+ Nc6 6. e3 O-O 7. Qc2 Re8 8. Bd2 a6 9. a3 Bf8 10. cxd5 exd5 11. Be2 Bg4 12. O-O Bh5 13. b4 Ne7 14. Rfc1 c6 15. a4 Nc8 16. b5 axb5 17. axb5 Nd6 18. bxc6 bxc6 19. Ne5 Bg6 20. Qd1 Qc7 21. Rxa8 Rxa8 22. Nb5 Nxb5 23. Bxb5 c5 24. Nxg6 hxg6 25. dxc5 Bxc5 26. Bb4 Qb6 27. Rxc5 Ne4 28. Rxd5 Qf6 29. Qf3 Ra1+ 30. Bf1 Rxf1+ 31. Kxf1 Qa1+ 32. Qd1 Qa6+ 33. Qd3 Qa1+ 34. Ke2 Nf6 35. Rd8+ Kh7 36. Bc3 Qa2+ 37. Kf3 Qe6 38. Bxf6 gxf6 39. h3 Qe5 40. Qd5 Qh5+ 41. Qxh5+ gxh5 42. Kf4 1-0


[Site "https://www.chess.com"]